 Dungeon Crawl Stone Soup version 0.31-a0-149-g3fdcc5976a (webtiles) character file.

Game seed: 15357605850563717139

44 qw the Shooter (level 3, -8/31 HPs)
             Began as a Minotaur Hunter on June 7, 2023.
             Killed by divine providence
             ... invoked by an orc priest
              (16 damage)
             ... on level 3 of the Dungeon.
             The game lasted 00:00:24 (1372 turns).

qw the Shooter (Minotaur Hunter)                    Turns: 1372, Time: 00:00:25

Health: -8/31      AC:  7    Str: 15    XL:     3   Next: 41%
Magic:  2/2        EV: 11    Int:  6    God:
Gold:   67         SH:  0    Dex: 15    Spells: 2/2 levels left

rFire   . . .        Y - +0 shortbow
rCold   . . .        (shield currently unavailable)
rNeg    . . .        a - +0 ring mail
rPois   +            (helmet restricted)
rElec   .            (no cloak)
rCorr   .            (no gloves)
SInv    .            f - +1 pair of boots
Will    .....        (no amulet)
Stlth   +            h - ring of poison resistance
HPRegen 0.25/turn    (no ring)
MPRegen 0.08/turn

%: no passive effects
@: no status effects
A: horns 2, retaliatory headbutt
a: no special abilities


You were on level 3 of the Dungeon.
You visited 1 branch of the dungeon, and saw 3 of its levels.

You collected 67 gold pieces.


Innate Abilities, Weirdness & Mutations

You have a pair of horns on your head.
You reflexively headbutt those who attack you in melee.


   Skills:
 - Level 3.3 Fighting
 + Level 5.2 Ranged Weapons
 - Level 1.0 Armour
 - Level 2.1 Dodging
 - Level 0.7 Stealth


You had 2 spell levels left.
You didn't know any spells.
Your spell library was empty.

Inventory:

Hand Weapons
 Y - a +0 shortbow (weapon)
Armour
 a - a +0 ring mail (worn)
 f - a +1 pair of boots (worn)
Jewellery
 h - a ring of poison resistance (left hand)
Scrolls
 c - a scroll of teleportation {unknown}
Potions
 b - a potion of curing {unknown}
 g - a potion of degeneration {unknown}
 i - a potion of resistance {unknown}

Dungeon Overview and Level Annotations

Branches:
Dungeon (3/15)

Altars:

Shops:
D:2 :


Message History

Enter note:
Enter note: You shoot an arrow.
The arrow hits the orc.
The orc is heavily wounded.
An orc priest comes into view. It is wielding a +0 hand axe.
You shoot an arrow.
The arrow closely misses the orc priest.
The orc priest invokes the aid of Beogh against you.
Beogh smites you!
You shoot an arrow.
The arrow closely misses the orc priest.
You shoot an arrow.
The arrow hits the orc priest but does no damage.
You shoot an arrow.
The arrow closely misses the orc priest.
The arrow hits the orc.
You kill the orc!
The orc priest hits you with a +0 hand axe.
The orc priest hits you but does no damage.
You shoot an arrow.
The arrow hits the orc priest but does no damage.
The orc priest misses you.
You shoot an arrow. The arrow hits the orc priest!
The orc priest is heavily wounded.
The orc priest hits you but does no damage.
You shoot an arrow.
The arrow hits the orc priest but does no damage.
The orc priest is heavily wounded.
The orc priest hits you with a +0 hand axe.
You shoot an arrow.
The arrow closely misses the orc priest.
The orc priest hits you with a +0 hand axe.
You shoot an arrow.
The arrow hits the orc priest but does no damage.
The orc priest is heavily wounded.
The orc priest hits you but does no damage.
The orc priest calls down the wrath of Beogh upon you.
Beogh smites you!
Ouch! That really hurt!
You die...

........#
##.......##..... .
#.....>..##.... .
#........##....
.####.....>.......
...........###...$
...............#)#
...........# #.#o#
##.##.).#.## #.#@#
........#.# #.#.#
........#.####.#.#
#.#..............#
.###.####.####.###
# #............#
.<.......####.#
##.######## #.# #.
..#


You could see an orc priest.

Vanquished Creatures
  An adder (D:2)
  A dart slug (D:1)
  An orc (D:3)
  3 ball pythons
  2 bats
  5 endoplasms
  A giant cockroach (D:1)
  4 goblins
  2 hobgoblins
  2 kobolds
  3 quokkas
  3 frilled lizards (D:1)
28 creatures vanquished.

Notes
Turn   | Place    | Note
-------+----------+-------------------------------------------
     0 | D:1      | qw the Minotaur Hunter began the quest for the Orb.
     0 | D:1      | Reached XP level 1. HP: 18/18 MP: 0/0
     0 | D:1      | 0 ||| qw: Version: 0.2-a-117-gc6b5c8b
     0 | D:1      | 0 ||| qw: Game counter: 2618
     0 | D:1      | 0 ||| qw: Always use a shield: true
     0 | D:1      | 0 ||| qw: God list: Okawaru
     0 | D:1      | 0 ||| qw: Allow faded altars: false
     0 | D:1      | 0 ||| qw: Do Orc after D:15 true
     0 | D:1      | 0 ||| qw: Do second Lair branch before Depths: true
     0 | D:1      | 0 ||| qw: Lair rune preference: random
     0 | D:1      | 0 ||| qw: Plans: Normal
     0 | D:1      | 0 ||| PLANNING D:1-11
   211 | D:1      | Reached XP level 2. HP: 25/25 MP: 1/1
   211 | D:1      | Found a faded altar of an unknown god.
   212 | D:1      | Noticed a great orb of eyes
   214 | D:1      | Noticed a golden eye
   219 | D:1      | Noticed a shining eye
   262 | D:1      | Noticed an eye of devastation
   361 | D:1      | Reached skill level 5 in Ranged Weapons
   710 | D:1      | 710 ||| UPGRADING to +0 pair of boots.
   715 | D:1      | 715 ||| UPGRADING to ring of poison resistance.
   716 | D:1      | 716 ||| READING scroll labelled DAULIXTA XUMM.
   717 | D:1      | 717 ||| READING 2 scrolls labelled KIFFIE XUANY.
   718 | D:1      | 718 ||| DROPPING scroll of butterflies.
   719 | D:1      | 719 ||| DROPPING scroll of vulnerability.
   814 | D:2      | Reached skill level 3 in Fighting
   856 | D:2      | Found Dafien's Book Shoppe.
   903 | D:2      | Reached XP level 3. HP: 31/31 MP: 2/2
  1013 | D:2      | 1013 ||| READING scroll of enchant armour.
  1013 | D:2      | 1013 ||| ENCHANTING +0 pair of boots.
  1241 | D:2      | 1241 ||| UPGRADING to +0 ring mail.
  1251 | D:2      | 1251 ||| DROPPING +0 leather armour.
  1252 | D:2      | 1252 ||| READING scroll labelled NEAR DESEXTYPSI.
  1337 | D:3      | Reached skill level 1 in Armour
  1372 | D:3      | Killed from afar by an orc priest

Levels and vault maps discovered:
D:1:      co_arrival_square_in_a_square_in_a_square, layout_loops_ring,
          hellmonk_ecumenical_altar_watching_god, corner_web_ring,
          reono_crystal_passage, lemuel_flame_loot_1
D:2:      layout_basic, serial_shops, nicolae_square_shop,
          kennysheep_generic_room_4
D:3:      layout_loops_ring, chequers_temple_overflow_minitemple,
          uniq_crazy_yiuf_cottage, uniq_robin

Skill      XL: |  1  2  3 |
---------------+----------+-----
Ranged Weapons | 5 |  5.2
Fighting       | 3 |  3.3
Armour         | 1 |  1.0
Dodging        | |  2.1
Stealth        | |  0.7

Action                     || total
---------------------------++-------
   Fire: Shortbow          ||    69
    Use: Scroll            ||     4
 Armour: Ring mail         ||     4
  Dodge: Dodged            ||    11

Table legend:
 A = Non-vault XP
 B = Vault XP
 C = Vault XP percentage of total XP
 D = Non-vault monster count
 E = Vault monster count
 F = Vault count percentage of total count
                 A         B        C        D         E       F
            +---------+---------+-------+---------+---------+-------
      Total |      60 |       4 |   6.2 |      26 |       2 |   7.1
            +---------+---------+-------+---------+---------+-------
        D:1 |      24 |       0 |   0.0 |      13 |       0 |   0.0
        D:2 |      22 |       4 |  15.4 |       6 |       2 |  25.0
        D:3 |      14 |       0 |   0.0 |       7 |       0 |   0.0
            +---------+---------+-------+---------+---------+-------
